 Dungeon Crawl Stone Soup version 0.17-a0-1636-g3119f2b (console) character file.

362 maniek23 the Sneak (level 6, 0/47 HPs)
             Began as a Demonspawn Assassin on Aug 5, 2015.
             Slain by Grinder (4 damage)
             ... while paralysed by something
             ... on level 3 of the Dungeon.
             The game lasted 00:25:22 (1797 turns).

maniek23 the Sneak (Demonspawn Assassin)            Turns: 1797, Time: 00:25:22

Health: 0/47       AC:  7    Str: 11    XL:     6   Next: 39%
Magic:  6/6        EV:  2    Int: 13    God:
Gold:   165        SH:  0    Dex: 16    Spells: 0 memorised, 5 levels left

rFire  . . .     SeeInvis .     a - +2 dagger
rCold  . . .     Clarity  .     v - +1 robe {MR+}
rNeg   . . .     SustAt   .     (no shield)
rPois  .         Gourm    .     l - +0 helmet (curse)
rElec  .         Spirit   .     d - +0 cloak
rCorr  .         Warding  .     (no gloves)
rMut   .         Stasis   .     (no boots)
MR     +....                    (no amulet)
Stlth  +++.......               (no ring)
                                (no ring)

@: paralysed, somewhat resistant to hostile enchantments, fairly stealthy
A: slimy green scales 1, powered by death 1
a: no special abilities


You were on level 3 of the Dungeon.
You were not hungry.

You visited 1 branch of the dungeon, and saw 3 of its levels.

You collected 165 gold pieces.

Inventory:

Hand weapons
 a - a +2 dagger (weapon)
 b - a +0 blowgun
 i - a +2 dagger of venom
 o - a cursed -3 dagger
 r - a +4 dagger
 w - a +3 quarterstaff of chaos
Missiles
 e - 7 poisoned needles
 f - 2 curare-tipped needles
 h - 19 stones (quivered)
Armour
 c - a +0 robe
 d - a +0 cloak (worn)
 l - a cursed +0 helmet (worn)
 p - a +0 leather armour
 v - a +1 robe of magic resistance (worn)
Magical devices
 u - a wand of random effects (6)
Scrolls
 j - a scroll of fear {unknown}
 k - a scroll of immolation {unknown}
 n - 5 scrolls of identify {unknown}
Potions
 q - a potion of might {unknown}
Comestibles
 g - 5 bread rations
 m - a meat ration
 s - a fruit
 t - 8 chunks of flesh


   Skills:
 + Level 3.6 Fighting
 + Level 3.5 Short Blades
 + Level 3.2 Throwing
 - Level 1.1 Dodging
 + Level 4.9 Stealth


You had 5 spell levels left.
You didn't know any spells.

Dungeon Overview and Level Annotations

Branches:
Dungeon (3/15)

Altars:

Annotations:
D:3 Grinder


Innate Abilities, Weirdness & Mutations

You are partially covered in slimy green scales (AC +2).
You regenerate a little health from kills.


Message History

You hit something. Something hits you but does no damage.
You hit something. Something hits you.
You writhe in agony.
You barely miss something. Something hits you.
You writhe in agony.
You hit something. Something hits you but does no damage.
You hit something. You hit something but do no damage. Something hits you.
You writhe in agony.
You hit something. Something hits you.
You writhe in agony.
You barely miss something.
Something tries to affect you, but you resist.
You hit something. Something hits you!
* * * LOW HITPOINT WARNING * * *
You writhe in agony.
* * * LOW HITPOINT WARNING * * *
You see here a stone.
You suddenly lose the ability to move!
Something hits you but does no damage. Something hits you.
* * * LOW HITPOINT WARNING * * *
You writhe in agony.
You die...

########.# .........#
########.# #.# #.#
##.#####.#
#######........#
..........##############.#
#####...........@{.(...(%#
............##############
#####.....>.# ###...###
#...# #####


There were no monsters in sight!

Vanquished Creatures
  Sigmund (D:2)
  Crazy Yiuf (D:2)
  Ijyb (D:3)
  Robin (D:2)
  4 gnolls (D:3)
  4 adders
  A worm (D:2)
  2 giant geckos (D:1)
  6 giant cockroaches
  16 goblins
  6 hobgoblins
  A quokka (D:2)
  2 ball pythons
  8 bats
  4 giant newts
  4 kobolds
  5 rats
67 creatures vanquished.

Notes
Turn   | Place    | Note
--------------------------------------------------------------
     0 | D:1      | maniek23 the Demonspawn Assassin began the quest for the Orb.
     0 | D:1      | Reached XP level 1. HP: 16/16 MP: 1/1
   116 | D:1      | Gained mutation: You are partially covered in slimy green scales (AC +2). [demonic ancestry]
   116 | D:1      | Reached XP level 2. HP: 22/22 MP: 2/2
   165 | D:1      | Reached skill level 1 in Dodging
   296 | D:1      | Reached skill level 4 in Stealth
   594 | D:2      | Noticed Robin
   628 | D:2      | Reached XP level 3. HP: 20/27 MP: 3/3
   663 | D:2      | HP: 1/27 [Robin/goblin (1)]
   684 | D:2      | Killed Robin
   972 | D:2      | Gained mutation: You regenerate a little health from kills. [demonic ancestry]
   972 | D:2      | Reached XP level 4. HP: 32/34 MP: 4/4
  1024 | D:2      | Noticed Sigmund
  1056 | D:2      | Killed Sigmund
  1056 | D:2      | Reached XP level 5. HP: 11/41 MP: 5/5
  1335 | D:2      | Noticed Crazy Yiuf
  1350 | D:2      | Killed Crazy Yiuf
  1350 | D:2      | Reached XP level 6. HP: 17/47 MP: 6/6
  1639 | D:3      | Noticed Ijyb
  1694 | D:3      | Killed Ijyb
  1764 | D:3      | Noticed Grinder
  1794 | D:3      | Paralysed by something for 6 turns
  1797 | D:3      | Slain by Grinder

Vault maps used:
D:1:      lightli_arrival_lavapool, kennysheep_nondescript
D:2:      first_bread, uniq_sigmund, uniq_robin, uniq_crazy_yiuf_cottage
D:3:      uniq_grinder, uniq_iyjb

Action                   |  1- 3 |  4- 6 || total
-------------------------+-------+-------++-------
Melee: Dagger            |   175 |   154 ||   329
 Fire: Blowgun           |     2 |     3 ||     5
Throw: Stone             |     7 |    18 ||    25
  Use: Potion            |     2 |       ||     2
 Stab: Sleeping          |     6 |     6 ||    12
  Eat: Chunk             |       |     3 ||     3
